 Dungeon Crawl Stone Soup version 0.32-a0-918-g0f22ef8d61 (webtiles) character file.

Game seed: 5596290457480224233

19964 retardedninja the Fighter (level 12, -5/94 HPs)
             Began as a Coglin Fighter on Apr 11, 2024.
             Was a High Priest of Hepliaklqana.
             Engulfed by a death drake's foul pestilence (7 damage)
             ... in a Gauntlet.
             The game lasted 00:23:45 (15926 turns).

retardedninja the Fighter (Coglin Fighter)         Turns: 15926, Time: 00:23:45

Health: -5/94      AC: 25    Str: 23    XL:     12   Next: 74%
Magic:  12/12      EV:  6    Int:  7    God:    Hepliaklqana [*****.]
Gold:   1117       SH:  0    Dex: 13    Spells: 11/11 levels left

rFire   . . .        a - +0 war axe (vamp) {Iwao}
rCold   . . .        t - +0 war axe {Yeongsuk}
rNeg    . . .        k - +5 plate armour
rPois   .            (no helmet)
rElec   .            i - +0 cloak
rCorr   .            E - +1 pair of gloves
SInv    .            z - +1 pair of boots
Will    .....        (amulet unavailable) Stlth
                     (ring unavailable)
HPRegen 0.35/turn    (ring unavailable)
MPRegen 0.13/turn    (no gizmo)

%: no teleportation
@: confused, lethally poisoned (-5 -> -107), ambrosia-drunk, slowed, very slow
A: reduced essence, off-hand wielding, slow wielding, warmup strikes, no
jewellery
a: Invent Gizmo, Renounce Religion, Recall Ancestor, Ancestor Identity,
Transference, Idealise


You were in a Gauntlet.
You worshipped Hepliaklqana.
Hepliaklqana was extremely pleased with you.
You visited 2 branches of the dungeon, and saw 14 of its levels.
You also visited: Sewer and Gauntlet.

You collected 1531 gold pieces.
You spent 414 gold pieces at shops.

Inventory:

Hand Weapons
 a - a +0 vampiric war axe (weapon) {Iwao}
 t - a +0 war axe (offhand) {Yeongsuk}
Missiles
 n - a throwing net (quivered)
Armour
 i - a +0 cloak (worn)
 k - a +5 plate armour (worn)
 z - a +1 pair of boots (worn)
 E - a +1 pair of gloves (worn)
Wands
 e - a wand of quicksilver (6)
 h - a wand of paralysis (7)
 l - a wand of digging (6)
 o - a wand of flame (26)
 u - a wand of iceblast (10)
Scrolls
 b - 8 scrolls of teleportation
 c - a scroll of identify
 f - 4 scrolls of poison
 g - 3 scrolls of amnesia
 j - 2 scrolls of immolation
 p - 4 scrolls of blinking
 w - a scroll of noise
 x - a scroll of torment
 y - 4 scrolls of vulnerability
 C - 3 scrolls of fear
 F - a scroll of enchant weapon {unknown}
Potions
 m - a potion of mutation
 q - a potion of enlightenment
 s - 2 potions of attraction
 v - a potion of magic
 B - 2 potions of might


   Skills:
 * Level 13.5 Fighting
 * Level 13.3 Axes
 + Level 9.1 Armour
 - Level 2.2 Shields


You had 11 spell levels left.
You didn't know any spells.
Your spell library contained the following spells:

 Spells                   Type           Power      Damage    Failure   Level
 Kiss of Death            Conj/Necr      0%         2d5       99%         1
 Blink                    Tloc           0%         N/A       100%        2
 Lesser Beckoning         Tloc           0%         N/A       100%        2
 Momentum Strike          Conj/Tloc      0%         3d8       100%        2
 Confusing Touch          Hex            0%         N/A       100%        3
 Stone Arrow              Conj/Erth      0%         3d7       100%        3
 Summon Ice Beast         Ice/Summ       0%         N/A       100%        3
 Animate Armour           Summ/Erth      0%         N/A       100%        4
 Animate Dead             Necr           0%         N/A       100%        4
 Dispel Undead            Necr           0%         3d6       100%        4
 Summon Mana Viper        Hex/Summ       0%         N/A       100%        5
 Haunt                    Necr/Summ      0%         N/A       100%        7
 Monstrous Menagerie      Summ           0%         N/A       100%        7
 Infestation              Necr           0%         N/A       100%        8
 Lehudib's Crystal Spear  Conj/Erth      0%         10d2      100%        8


Dungeon Overview and Level Annotations

Branches:
Dungeon (13/15)            Temple (1/1) D:4            Lair (0/5) D:9
    Orc (0/2) D:10          Sewer (visited)         Gauntlet (1/1)
 Vaults: D:13-14

Altars:
Ashenzari
Cheibriados
Dithmenos
Elyvilon
Fedhas
Gozag
Hepliaklqana
Kikubaaqudgha
Makhleb
Nemelex Xobeh
Okawaru
Qazlal
Ru
Sif Muna
Trog
Uskayaw
Vehumet
Wu Jian
Xom
Yredelemnul
Zin
The Shining One
Lugonu

Shops:
D:7 [   D:9 (   D:10 [([?

Portals:
Abyss: D:3

Annotations:
D:3 2 transporters, KEVIN's ghost, amateur GnHu
D:4 1 runed translucent door, Crazy Yiuf
D:10 2 transporters, ezpacito's ghost, journeyman CoCK Gauntlet 7 transporters, 2 runed translucent doors


Innate Abilities, Weirdness & Mutations

Your life essence is reduced to manifest your ancestor. (-10% HP)
You can wield a second weapon in your off-hand.
It takes a long time for you to wield or remove held weapons.
Your first few attacks do less damage.
You cannot equip rings or amulets.


Message History

You feel very sick.
The withered plant crumbles away.
The meliai zombie attacks as it pursues you!
The meliai zombie hits you but does no damage. x2
The death drake bites you but does no damage.
The meliai zombie hits you.
The meliai zombie hits you but does no damage.
The centaur warrior zombie hits austrian painter.
The centaur warrior zombie kicks austrian painter.
The death drake breathes miasma at you. The foul vapour engulfs you.
You are lethally poisoned!
You feel yourself slow down.
You bump into the translucent stone wall.
You are engulfed in dark miasma.
You are more poisoned.
You feel as though you will be slow longer.
* * * LOW HITPOINT WARNING * * *
You feel extremely sick.
The withered plant crumbles away. x2
The meliai zombie hits you but does no damage. x3
The meliai zombie barely misses you.
The centaur warrior zombie hits austrian painter.
The centaur warrior zombie kicks austrian painter but does no damage.
The death drake breathes miasma at you. The foul vapour engulfs you!
You are more poisoned.
* * * LOW HITPOINT WARNING * * *
Austrian painter hits the centaur warrior zombie with a +0 quarterstaff!
The meliai zombie hits you.
* * * LOW HITPOINT WARNING * * *
The meliai zombie barely misses you.
The centaur warrior zombie hits austrian painter.
The centaur warrior zombie kicks austrian painter.
The death drake closely misses you.
You bump into the translucent stone wall.
You are engulfed in dark miasma.
You are more poisoned.
You die...
Hepliaklqana delivers you to your ancestors.

#≈..#.........#..#W##.#.##.
##..#.........#..##..##.##.
#≈..#.........#..##.#©.#.#.
##..#....©=...#..#W#..##.#.
#≈..###########..#.###..##.
##......#©#......##[.©[.##.
#≈......#©#......#########.
##..###########.....#©#....
#≈..#....°@°°.#.....#©#....
##..#....kZ°°.#..#########.
#≈..#..#°R.#°.#..#W......#.
##..#...Z.....#..#W#####.#.
#≈..#....©....#..#W+...+.#.
##..#.........#..#.#.©.#.#.
#≈..#..#...#..#..#.#~~~#.#.
##..#.........#..#.#####.#.
#≈..#..[.©?(..#..#.!"©[..#.


You could see the friendly austrian painter the battlemage, a death drake
(catching breath), a centaur warrior zombie (ally target) and a meliai zombie.

Vanquished Creatures
  2 boulder beetles
  A two-headed ogre (D:11)
  Lodul (D:12)
  An ugly thing (D:8)
  2 cyclopes
  2 manticores (D:12)
  A meliai (shapeshifter) (D:13)
  Joseph (D:8)
  2 gargoyles (D:12)
  3 kobold demonologists
  A queen bee (Gauntlet)
  3 trolls
  Prince Ribbit (D:9)
  5 yaks (D:10)
  A shadow (D:10)
  A wraith (D:13)
  2 ynoxinuls (D:12)
  A steam dragon (D:6)
  Eustachio (D:4)
  2 vampire mosquitoes (D:11)
  A water moccasin (D:8)
  An acid dragon (D:11)
  4 ice beasts
  2 sky beasts
  4 orc warriors
  2 black bears
  A wolf (D:9)
  7 ogres
  A phantom (D:5)
  3 kobold brigands
  6 bullfrogs
  A gnoll sergeant (D:5)
  2 scorpions (D:7)
  6 wights
  An electric eel (D:8)
  17 killer bees
  3 howler monkeys
  5 bombardier beetles
  A hound (D:5)
  13 orc priests
  3 jellies
  A sleepcap (D:8)
  An iguana (D:5)
  Natasha (twice) (D:2)
  9 orc wizards
  5 gnolls (D:6)
  15 adders
  4 river rats (Sewer)
  3 shadow imps
  2 white imps
  8 ufetubi
  2 dart slugs
  5 ribbon worms (D:2)
  42 orcs
  8 endoplasms
  5 giant cockroaches
  7 goblins
  8 hobgoblins
  2 jackals (D:5)
  8 quokkas
  15 ball pythons
  10 bats
  8 frilled lizards
  13 kobolds
  34 rats
335 creatures vanquished.

Vanquished Creatures (collateral kills)
  A two-headed ogre (D:9)
  A soul eater (Gauntlet)
  A cyclops (D:12)
  A gargoyle (D:12)
  An unseen horror (D:13)
  A rime drake (D:9)
  3 kobold demonologists
  A shadow (D:12)
  A yak (D:10)
  2 basilisks (D:11)
  A vampire mosquito (D:11)
  An acid dragon (D:8)
  A swamp drake (D:10)
  2 orc warriors (D:10)
  3 ice beasts
  A wolf (D:9)
  3 ogres
  A bullfrog (D:9)
  2 wights
  2 killer bees (D:9)
  3 howler monkeys
  A hound (D:6)
  3 orc priests
  2 orc wizards
  A shadow imp (D:6)
  2 ufetubi (D:12)
  7 orcs
  5 kobolds
54 creatures vanquished.

Vanquished Creatures (others)
  Jeremiah (D:9)
  3 battlemagi
  An orc wizard (D:6)
5 creatures vanquished.

Grand Total: 394 creatures vanquished

Notes
Turn   | Place    | Note
-------+----------+-------------------------------------------
     0 | D:1      | retardedninja the Coglin Fighter began the quest for the
                  | Orb.
     0 | D:1      | Reached XP level 1. HP: 18/18 MP: 1/1
    59 | D:1      | Reached XP level 2. HP: 19/24 MP: 2/2
   381 | D:1      | Reached XP level 3. HP: 29/29 MP: 3/3
  1027 | D:2      | Noticed Natasha
  1034 | D:2      | Killed Natasha
  1035 | D:2      | Reached XP level 4. HP: 37/37 MP: 4/4
  1306 | D:2      | Noticed Natasha
  1310 | D:2      | Killed Natasha
  1311 | D:2      | Reached XP level 5. HP: 42/42 MP: 5/5
  1625 | D:3      | Found a transporter.
  1628 | D:3      | Found a transporter.
  1654 | D:3      | Noticed KEVIN's ghost (amateur GnHu)
  1679 | D:3      | Reached XP level 6. HP: 49/49 MP: 6/6
  1681 | D:3      | Found a glowing drain.
  1705 | Sewer    | Entered a sewer
  2085 | Sewer    | Reached skill level 5 in Fighting
  2164 | Sewer    | Reached XP level 7. HP: 16/56 MP: 7/7
  2596 | D:3      | Found a sacrificial altar of Ru.
  2641 | D:3      | Reached skill level 5 in Axes
  2982 | D:3      | Found an iron altar of Okawaru.
  3249 | D:3      | Found a one-way gate to the infinite horrors of the Abyss.
  3381 | D:4      | Noticed Eustachio
  3384 | D:4      | Killed Eustachio
  3723 | D:4      | Found a staircase to the Ecumenical Temple.
  4100 | Temple   | Entered the Ecumenical Temple
  4120 | Temple   | Became a worshipper of Hepliaklqana the Forgotten
  4223 | D:4      | Found a runed translucent door.
  4224 | D:4      | Noticed Crazy Yiuf
  4254 | D:5      | Entered Level 5 of the Dungeon
  4296 | D:5      | Reached XP level 8. HP: 59/64 MP: 8/8
  5800 | D:5      | Reached skill level 5 in Armour
  6082 | D:5      | Reached XP level 9. HP: 41/72 MP: 9/9
  6391 | D:6      | Reached * piety under Hepliaklqana
  7701 | D:7      | Reached ** piety under Hepliaklqana
  7749 | D:7      | Remembered your ancestor austrian painter as a battlemage
  7819 | D:7      | Found Kereo's Antique Armour Boutique.
  8474 | D:8      | Reached XP level 10. HP: 72/74 MP: 10/10
  8631 | D:8      | Noticed Joseph
  8636 | D:8      | Found a burning altar of Makhleb.
  8645 | D:8      | Killed Joseph
  8939 | D:8      | Found an ornate altar of the Wu Jian Council.
  9381 | D:8      | Noticed a brown ugly thing
  9391 | D:8      | Killed a brown ugly thing
  9538 | D:9      | Reached *** piety under Hepliaklqana
  9542 | D:9      | Reached skill level 10 in Fighting
  9576 | D:9      | Reached skill level 10 in Axes
  9579 | D:9      | Found a staircase to the Lair.
  9592 | D:9      | Noticed a two-headed ogre
  9597 | D:9      | Killed a two-headed ogre
  9624 | D:9      | Killed Jeremiah
  9727 | D:9      | Found a sparkling altar of Nemelex Xobeh.
  9791 | D:9      | Found Nic Qoka's Antique Weapon Boutique.
 10223 | D:9      | Reached XP level 11. HP: 77/82 MP: 11/11
 10288 | D:9      | Noticed Prince Ribbit
 10294 | D:9      | Killed Prince Ribbit
 10653 | D:10     | Entered Level 10 of the Dungeon
 10993 | D:10     | Found Jezis's Antique Armour Boutique.
 11001 | D:10     | Found a bloodstained altar of Trog.
 11002 | D:10     | Found a stormy altar of Qazlal.
 11002 | D:10     | Found a glowing silver altar of Zin.
 11004 | D:10     | Found a broken altar of Ashenzari.
 11004 | D:10     | Found a radiant altar of Vehumet.
 11006 | D:10     | Found a snail-covered altar of Cheibriados.
 11007 | D:10     | Found a glowing golden altar of the Shining One.
 11036 | D:10     | Found a hide-covered altar of Uskayaw.
 11091 | D:10     | Noticed ezpacito's ghost (journeyman CoCK)
 11092 | D:10     | Noticed a moth of wrath
 11102 | D:10     | Noticed a two-headed ogre
 11102 | D:10     | Noticed a tengu warrior
 11108 | D:10     | Noticed a two-headed ogre
 11111 | D:10     | Found a transporter.
 11114 | D:10     | Found a transporter.
 11137 | D:10     | Reached **** piety under Hepliaklqana
 11148 | D:10     | Found Tumus's Magic Scroll Boutique.
 11199 | D:10     | Bought a scroll of fear for 48 gold pieces
 11199 | D:10     | Bought a scroll of fear for 48 gold pieces
 11199 | D:10     | Bought a scroll of brand weapon for 114 gold pieces
 11199 | D:10     | Bought a scroll of enchant armour for 90 gold pieces
 11199 | D:10     | Bought a scroll of blinking for 90 gold pieces
 11204 | D:10     | Bought a scroll of identify for 24 gold pieces
 11256 | D:10     | Found a bloodstained altar of Trog.
 11324 | D:10     | Found a staircase to the Orcish Mines.
 11411 | D:10     | Found Elyab's Antique Weapon Boutique.
 11525 | D:10     | Found Yhurchi's Antique Armour Shop.
 11770 | D:11     | Noticed a cyclops
 11789 | D:11     | Killed a cyclops
 12077 | D:11     | Noticed a two-headed ogre
 12082 | D:11     | Killed a two-headed ogre
 12490 | D:12     | Noticed a manticore
 12506 | D:12     | Killed a manticore
 12621 | D:12     | Noticed a soul eater
 13224 | D:12     | Noticed a manticore
 13234 | D:12     | Killed a manticore
 13235 | D:12     | Reached XP level 12. HP: 34/92 MP: 12/12
 13755 | D:12     | Noticed a boulder beetle
 13765 | D:12     | Killed a boulder beetle
 13976 | D:12     | Reached ***** piety under Hepliaklqana
 14670 | D:12     | Noticed Lodul
 14682 | D:12     | Killed Lodul
 14703 | D:12     | Noticed a boulder beetle
 14721 | D:11     | Killed a boulder beetle
 15281 | D:13     | Found a gate leading to a gauntlet.
 15318 | Gauntlet | Entered a Gauntlet
 15318 | Gauntlet | Found a transporter.
 15318 | Gauntlet | Found a transporter.
 15340 | Gauntlet | Found a transporter.
 15343 | Gauntlet | Found a transporter.
 15352 | Gauntlet | Found a transporter.
 15354 | Gauntlet | Found a transporter.
 15358 | Gauntlet | Found a runed translucent door.
 15358 | Gauntlet | Found a runed translucent door.
 15362 | Gauntlet | Found a transporter.
 15380 | Gauntlet | Found a transporter.
 15385 | Gauntlet | Found a transporter.
 15388 | Gauntlet | Found a transporter.
 15393 | Gauntlet | Noticed a soul eater
 15398 | Gauntlet | Found a transporter.
 15415 | Gauntlet | Found a transporter.
 15834 | Gauntlet | Killed a soul eater
 15925 | Gauntlet | HP: 4/94 [death drake/foul vapour (13)]
 15926 | Gauntlet | Engulfed by a death drake's foul pestilence

Illustrated notes

Levels and vault maps discovered:
D:1:      dpeg_arrival_stone_temple_mockup, layout_rooms, serial_forest,
          infiniplex_forest_pool, infiniplex_forest_zigzag_2,
          infiniplex_forest_lined_ring, infiniplex_forest_lined_corner
D:2:      layout_loops_ring, serial_aquarium, aquarium_bridge_long_separate
          [aquarium_subvault_window, aquarium_subvault_window,
          aquarium_subvault_bridge, aquarium_subvault_window,
          aquarium_subvault_bridge, aquarium_subvault_window],
          aquarium_window_2, aquarium_window_1, aquarium_window_1,
          aquarium_view_2c, minmay_vboxes, uniq_natasha
D:3:      layout_basic, mainiacjoe_overflow_six_doors_small,
          nicolae_ru_the_path_less_chosen, gammafunk_ghost_abyssal_escape,
          portal_sewer_entry_f, minmay_fractal_squares_5
D:4:      layout_basic, minmay_temple_entry_proselytizer,
          guppyfry_early_orc_mine, uniq_crazy_yiuf_cottage, uniq_eustachio
D:5:      layout_loops_ring
D:6:      layout_cave_pools, serial_column_ruins, column_ruins_circle_small,
          column_ruins_square_small, column_ruins_grid_3,
          column_ruins_corridor_T, column_ruins_open_small, column_ruins_grid_1,
          column_ruins_corridor_straight, column_ruins_corridor_T,
          minmay_fractal_squares_diagonal_5
D:7:      layout_basic, serial_shops, nicolae_shop_peninsula
D:8:      layout_basic, mainiacjoe_overflow_cross_hatched,
          nzn_wu_jian_contemplation, uniq_joseph
D:9:      layout_stronghold, nemelex_altar_shiori, hellmonk_lair_entry_icy,
          serial_shops, nicolae_shop_waterfront, uniq_prince_ribbit1,
          uniq_jeremiah
D:10:     layout_roguey, amcnicky_altar_gilded, grunt_temple_overflow_open,
          erik_orc_1, gammafunk_ghost_wrathful_warriors, serial_shops, shop,
          nicolae_shop_temple_entry_statues_fountains,
          nicolae_shop_gibbet_a_chance, nicolae_shop_real_fake_doors
D:11:     layout_irregular_city, hangedman_abyss_or_decor_lesser_grid
D:12:     layout_grid_maze, nicolae_eternal_life, nicolae_fort_ynox, uniq_lodul
D:13:     layout_rooms, gauntlet_entry_generic, chequers_serial_rivers_small_b,
          uniq_jorgrun
Temple:   kb_corrupted_temple
Gauntlet: minmay_gauntlet_mixed_big_or_small [gammafunk_gauntlet_arena_crates,
          minmay_gauntlet_arena_77_block_sizes, gammafunk_gauntlet_arena_open,
          minmay_gauntlet_arena_77_mess, gammafunk_gauntlet_arena_hedges,
          minmay_gauntlet_arena_77_shame_cube, gauntlet_exit_watery]

Skill      XL: |  1  2  3  4  5  6  7  8  9 10 11 12 |
---------------+-------------------------------------+-----
Armour         | 3 4 5 6 7 8 9 |  9.1
Axes           | 3 4 5 7 9 10 12 13 | 13.3
Fighting       | 4 5 6 7 9 10 12 13 | 13.5
Shields        | |  2.2

Action                     |  1- 3 |  4- 6 |  7- 9 | 10-12 || total
---------------------------+-------+-------+-------+-------++-------
  Melee: War axe           |   112 |   190 |   240 |   532 ||  1074
         Long sword        |       |   134 |    73 |       ||   207
         Flail             |       |       |   154 |       ||   154
 Invoke: Recall Ancestor   |       |       |     1 |     2 ||     3
         Ancestor Life: Ba |       |       |     1 |       ||     1
         Ancestor Identity |       |       |     1 |       ||     1
  Evoke: Wand              |       |       |       |     7 ||     7
    Use: Scroll            |       |     1 |    19 |    11 ||    31
         Potion            |       |     1 |     8 |     8 ||    17
   Stab: Invisible         |       |       |     2 |       ||     2
         Distracted        |       |       |       |     5 ||     5
 Armour: Scale mail        |    75 |       |       |       ||    75
         Plate armour      |    13 |   313 |   391 |   435 ||  1152
  Dodge: Dodged            |    60 |    78 |    80 |   111 ||   329
  Block: Buckler           |    19 |       |       |       ||    19

Table legend: (Time is in decaauts)
 A = Elapsed time spent in this place.
 B = Non-inter-level travel time spent in this place.
 C = Inter-level travel time spent in this place.
 D = Time resting spent in this place.
 E = Time spent auto-exploring this place.
 F = Levels seen in this place.
 G = Mean time per level.
                   A        B        C        D        E       F      G
               +--------+--------+--------+--------+--------+-----+--------+
         Total |  16102 |  15735 |    367 |   4684 |   8568 |  16 | 1006.4 |
       Dungeon |  14550 |  14221 |    329 |   3821 |   8317 |  13 | 1119.2 |
        Temple |     40 |      2 |     38 |      0 |      0 |   1 |   40.0 |
         Sewer |    899 |    899 |      0 |    495 |    113 |   1 |  899.0 |
      Gauntlet |    611 |    611 |      0 |    368 |    138 |   1 |  611.0 |
               +--------+--------+--------+--------+--------+-----+--------+

Top non-repeatable levels by time:
    D:12: 2290 daAuts
     D:5: 1901 daAuts
    D:11: 1304 daAuts
     D:6: 1302 daAuts
     D:9: 1151 daAuts
     D:8: 1112 daAuts
     D:3: 1043 daAuts
     D:7: 950 daAuts
     D:4: 946 daAuts
     D:2: 934 daAuts
    D:10: 931 daAuts
   Sewer: 899 daAuts
Gauntlet: 611 daAuts
     D:1: 579 daAuts
    D:13: 103 daAuts
